Construct Section Command Post
Selects Canadian Shock Battlegroup
Selects Canadian Shock Section
Construct Platoon Command Post
6-pounder Anti-tank Gun Team
Construct Field Infirmary
Construct Company Command Post
Unlock Bishop Self-propelled Artillery
Bishop Self-propelled Artillery
Bishop Self-propelled Artillery
Selects Churchill Crocodile Heavy Tank
6-pounder Anti-tank Gun Team
Churchill Crocodile Heavy Tank
Churchill Crocodile Heavy Tank
Bishop Self-propelled Artillery
Bishop Self-propelled Artillery
6-pounder Anti-tank Gun Team
Bishop Self-propelled Artillery